 Dungeon Crawl Stone Soup version 0.29-a0-789-g7a8fcbc185 (webtiles) character file.

Game seed: 3849975670137367777

18 gruber the Shooter (level 2, 17/17 HPs)
             Began as a Kobold Hunter on July 2, 2022.
             Quit the game on level 1 of the Dungeon.
             The game lasted 00:00:16 (318 turns).

gruber the Shooter (Kobold Hunter)                   Turns: 318, Time: 00:00:17

Health: 17/17      AC:  3    Str:  8    XL:     2   Next: 85%
Magic:  2/2        EV: 14    Int: 10    God:
Gold:   10         SH:  0    Dex: 18    Spells: 1/1 levels left

rFire   . . .      SeeInvis .   a - +0 shortbow
rCold   . . .      Faith    .   (shield currently unavailable)
rNeg    . . .      Spirit   .   c - +0 leather armour
rPois   .          Reflect  .   (no helmet)
rElec   .          Harm     .   (no cloak)
rCorr   .          Rampage  .   (no gloves)
Will    .....                   (no boots)
Stlth   +++.......              (no amulet)
HPRegen 0.05/turn               (no ring)
MPRegen 0.08/turn               (no ring)

@: no status effects
A: small, no large weapons, nightstalker 3
a: no special abilities


You were on level 1 of the Dungeon.
You visited 1 branch of the dungeon, and saw 1 of its levels.

You collected 10 gold pieces.

Inventory:

Hand Weapons
 a - a +0 shortbow (weapon)
Armour
 c - a +0 leather armour (worn)
Jewellery
 f - an amulet of reflection
Scrolls
 b - a scroll of immolation
 e - a scroll of silence {unknown}
 g - a scroll of fog {unknown}
Potions
 d - a potion of ambrosia {unknown}


   Skills:
 - Level 2.1 Fighting
 + Level 6.3 Ranged Weapons
 - Level 2.4 Dodging
 - Level 1.3 Stealth


You had one spell level left.
You didn't know any spells.
Your spell library was empty.

Dungeon Overview and Level Annotations

Branches:
Dungeon (1/15)

Altars:


Innate Abilities, Weirdness & Mutations

You are small and have problems with some larger weapons.
You are completely attuned to the shadows.


Message History

You shoot an arrow. The arrow hits the jackal!
You kill the jackal!
A jackal is nearby!
You shoot an arrow. The arrow hits the jackal.
The jackal is heavily wounded.
The jackal completely misses you. x2
You shoot an arrow. The arrow hits the jackal.
You kill the jackal!
No target in view!
No target in view!
Found a leather armour.
No target in view!
You see here a +0 leather armour.
f - an amulet of reflection A kobold comes into view.
It is wielding a +0 short sword.
You shoot an arrow.
The arrow hits the kobold but does no damage.
A kobold is nearby!
You shoot an arrow. The arrow barely misses the kobold.
A kobold is nearby!
You shoot an arrow. The arrow closely misses the kobold.
A kobold is nearby!
You shoot an arrow. The arrow misses the kobold.
The kobold hits you but does no damage. The kobold barely misses you.
A kobold is nearby!
You shoot an arrow. The arrow hits the kobold!
You kill the kobold!
Found a scroll labelled URPHAN MEITEPESIRE.
Things that are here:
a +0 short sword; a kobold corpse No target in view!
g - a scroll labelled URPHAN MEITEPESIRE No target in view!
No target in view!
An endoplasm comes into view.
You shoot an arrow. The arrow hits the endoplasm!
You kill the endoplasm!
No target in view!
No target in view!
Are you sure you want to abandon this character and quit the game? (Confirm with "yes".)

#)#
##...........##
#.#
#...........#
#.#
#...........#
#.#
##...(.....[.#
#.# #.....##
#.####.......
#..........#
#######...##
#.#@# #.#.#
#.#.# #.#.# ...


There were no monsters in sight!

Vanquished Creatures
  2 ball pythons (D:1)
  An endoplasm (D:1)
  2 hobgoblins (D:1)
  4 jackals (D:1)
  A quokka (D:1)
  A bat (D:1)
  A frilled lizard (D:1)
  2 kobolds (D:1)
  2 rats (D:1)
16 creatures vanquished.

Notes
Turn   | Place    | Note
-------+----------+-------------------------------------------
     0 | D:1      | gruber the Kobold Hunter began the quest for the Orb.
     0 | D:1      | Reached XP level 1. HP: 12/12 MP: 1/1
    86 | D:1      | Reached XP level 2. HP: 16/17 MP: 2/2
   155 | D:1      | Reached skill level 6 in Ranged Weapons
   318 | D:1      | Quit the game

Illustrated notes

Levels and vault maps discovered:
D:1:      matt_arrival_spirals, layout_loops_ring

Skill      XL: |  1  2 |
---------------+-------+-----
Ranged Weapons | 6 |  6.3
Fighting       | |  2.1
Dodging        | |  2.4
Stealth        | |  1.3

Action                   || total
-------------------------++-------
 Fire: Shortbow          ||    33
Armor: Leather armour    ||     1
Dodge: Dodged            ||    11

Table legend: (Time is in decaauts)
 A = Elapsed time spent in this place.
 B = Non-inter-level travel time spent in this place.
 C = Inter-level travel time spent in this place.
 D = Time resting spent in this place.
 E = Time spent auto-exploring this place.
 F = Levels seen in this place.
 G = Mean time per level.
                   A        B        C        D        E       F      G
               +--------+--------+--------+--------+--------+-----+--------+
         Total |    326 |    326 |      0 |      0 |    264 |   1 |  326.0 |
       Dungeon |    326 |    326 |      0 |      0 |    264 |   1 |  326.0 |
               +--------+--------+--------+--------+--------+-----+--------+

Top non-repeatable levels by time:
     D:1: 326 daAuts
